 Dungeon Crawl Stone Soup version 0.27-a0-1230-gfc7c993222 (webtiles) character file.

Game seed: 14300426733718315837

96 Ancestrald the Skirmisher (level 4, -5/40 HPs)
             Began as a Hill Orc Fighter on June 8, 2021.
             Killed from afar by an orc wizard (6 damage)
             ... with a magic dart
             ... on level 4 of the Dungeon.
             The game lasted 00:10:45 (2740 turns).

Ancestrald the Skirmisher (Hill Orc Fighter)        Turns: 2740, Time: 00:10:45

Health: -5/40      AC:  7    Str: 19    XL:     4   Next: 67%
Magic:  4/4        EV:  5    Int:  8    God:
Gold:   144        SH: 14    Dex: 10    Spells: 3/3 levels left

rFire    x . .     SeeInvis .   a - +0 war axe
rCold    + . .     Faith    .   y - +0 tower shield
rNeg     . . .     Spirit   .   b - +0 scale mail
rPois    .         Reflect  .   (no helmet)
rElec    .         Harm     .   (no cloak)
rCorr    .         Rampage  .   (no gloves)
Will     .....                  (no boots)
Stlth    ..........             (no amulet)
HPRegen  0.13/turn              q - ring of ice
MPRegen  0.09/turn              (no ring)

@: mighty
A: no striking features
a: no special abilities


You were on level 4 of the Dungeon.
You visited 1 branch of the dungeon, and saw 4 of its levels.

You collected 144 gold pieces.

Inventory:

Hand Weapons
 a - a +0 war axe (weapon)
 e - a +0 whip
 C - a +1 vampiric whip
 F - a +2 whip of freezing
Missiles
 g - 60 bolts
 k - 18 poisoned darts (quivered)
 r - 89 stones
 v - 14 sling bullets
 z - 55 arrows
Armour
 b - a +0 scale mail (worn)
 c - a +0 kite shield
 s - a +0 ring mail
 y - a +0 tower shield (worn)
Magical Staves
 l - a staff of poison
Jewellery
 q - a ring of ice (left hand)
 x - a ring of ice
 B - a ring of poison resistance
Scrolls
 f - a scroll of fear
 i - 3 scrolls of identify
 j - a scroll of enchant armour {unknown}
 m - a scroll of holy word {unknown}
 p - a scroll of noise {unknown}
 w - a scroll of magic mapping {unknown}
 A - a scroll of brand weapon {unknown}
 D - a scroll of teleportation {unknown}
 E - a scroll of amnesia {unknown}
Potions
 h - a potion of magic {unknown}
 n - a potion of heal wounds {unknown}
 o - a potion of haste {unknown}
 t - a potion of flight {unknown}
 u - a potion of ambrosia {unknown}
 G - a potion of lignification {unknown}


   Skills:
 + Level 4.2 Fighting
 + Level 3.6 Axes
 + Level 0.1 Throwing
 + Level 4.0 Armour
 + Level 0.9 Dodging
 + Level 4.0 Shields


You had 3 spell levels left.
You didn't know any spells.
Your spell library was empty.

Dungeon Overview and Level Annotations

Branches:
Dungeon (4/15)
 Temple: D:4-7

Altars:

Shops:
D:3 (


Message History

The orc wizard hits you but does no damage.
You miss the orc wizard.
The orc wizard casts a spell.
The orc wizard flickers and vanishes!
Deactivating autopickup; reactivate with Ctrl-A.
Something hits you but does no damage.
Autopickup is now on.
You feel less confused.
You hear some strange, mumbled words.
A magic dart appears from out of thin air!
Deactivating autopickup; reactivate with Ctrl-A.
The magic dart hits you.
* * * LOW HITPOINT WARNING * * *
Something hits you but does no damage.
There is a strange disturbance nearby!
There is a strange disturbance nearby!
There is a strange disturbance nearby!
There is a strange disturbance nearby!
There is a strange disturbance nearby!
There is a strange disturbance nearby!
There is a strange disturbance nearby!
You miss something. Something hits you.
* * * LOW HITPOINT WARNING * * *
You block something's attack.
You miss something. Something hits you but does no damage. Something hits you.
* * * LOW HITPOINT WARNING * * *
You barely miss something. Something hits you but does no damage.
You closely miss something. Something hits you but does no damage.
You block something's attack.
You closely miss something. Something hits you but does no damage.
You block something's attack.
You completely miss something. Something hits you but does no damage.
Something hits you.
* * * LOW HITPOINT WARNING * * *
You barely miss something. Something hits you but does no damage.
You miss something.
You hear some strange, mumbled words.
A magic dart appears from out of thin air!
The magic dart hits you.
You die...

##+#### #.....# #.....#
#.....#
##.....##+######## .
#....#)......>....
....###{...#............
.....!'@...#............
#######....#............
#....#............
#....#............
#....#......)....†
#....#............
######.)..........
#............
#############


There were no monsters in sight!

Vanquished Creatures
  An iguana (D:4)
  2 adders
  A dart slug (D:4)
  An orc (D:3)
  9 ball pythons
  3 endoplasms
  3 giant cockroaches
  6 goblins
  7 hobgoblins
  A jackal (D:1)
  A quokka (D:2)
  4 bats
  2 frilled lizards (D:2)
  2 kobolds
  3 rats
46 creatures vanquished.

Notes
Turn   | Place    | Note
-------+----------+-------------------------------------------
     0 | D:1      | Ancestrald the Hill Orc Fighter began the quest for the
                  | Orb.
     0 | D:1      | Reached XP level 1. HP: 19/19 MP: 1/1
   298 | D:1      | Reached XP level 2. HP: 23/27 MP: 2/2
   982 | D:2      | Found a faded altar of an unknown god.
  1023 | D:2      | Reached XP level 3. HP: 33/33 MP: 3/3
  1736 | D:3      | Found Ipnor's Weapon Boutique.
  2147 | D:3      | Reached XP level 4. HP: 40/40 MP: 4/4
  2738 | D:4      | HP: 1/40 [something (4)]
  2740 | D:4      | Killed from afar by an orc wizard

Illustrated notes

Levels and vault maps discovered:
D:1:      dpeg_arrival_radiant, layout_basic, serial_corexii_hall,
          chequers_hall_statues_corner_a, corexii_hall_statues_x,
          corexii_hall_statues_x, chequers_hall_statues_wall_a,
          hangedman_glass_teeth, minmay_pentomino_o4
D:2:      layout_loops_cross, basic_ecumenical_altar
D:3:      layout_loops_cross, serial_shops, shop, minmay_misc_feat_x,
          minmay_misc_feat_diagonals
D:4:      layout_basic, gammafunk_temple_overflow_elements,
          amethyst_overflow_temple_binary, uniq_eustachio, uniq_sigmund

Skill      XL: |  1  2  3  4 |
---------------+-------------+-----
Fighting       | 4 |  4.2
Axes           | 3 |  3.6
Armour         | 4 |  4.0
Shields        | 4 |  4.0
Throwing       | |  0.1
Dodging        | |  0.9

Action                   |  1- 3 |  4- 6 || total
-------------------------+-------+-------++-------
Melee: War axe           |    85 |    50 ||   135
Throw: Dart              |     4 |       ||     4
  Use: Potion            |       |     2 ||     2
       Scroll            |       |     1 ||     1
Armor: Scale mail        |    51 |    37 ||    88
Dodge: Dodged            |    29 |    12 ||    41
Block: Kite shield       |    38 |       ||    38
       Tower shield      |    26 |    48 ||    74

Table legend: (Time is in decaauts)
 A = Elapsed time spent in this place.
 B = Non-inter-level travel time spent in this place.
 C = Inter-level travel time spent in this place.
 D = Time resting spent in this place.
 E = Time spent auto-exploring this place.
 F = Levels seen in this place.
 G = Mean time per level.
                   A        B        C        D        E       F      G
               +--------+--------+--------+--------+--------+-----+--------+
         Total |   2829 |   2742 |     87 |    221 |   1847 |   4 |  707.2 |
       Dungeon |   2829 |   2742 |     87 |    221 |   1847 |   4 |  707.2 |
               +--------+--------+--------+--------+--------+-----+--------+

Top non-repeatable levels by time:
     D:1: 1003 daAuts
     D:2: 769 daAuts
     D:3: 645 daAuts
     D:4: 409 daAuts
